 Dungeon Crawl Stone Soup version 0.22-a0-135-g6f012ad (webtiles) character file.

271 vishdafish the Shield-Bearer (level 6, -1/49 HPs)
             Began as a Formicid Fighter on Dec 22, 2017.
             Splashed by a jelly's acid (7 damage)
             ... on level 3 of the Dungeon on Jan 31, 2018.
             The game lasted 00:04:04 (3084 turns).

vishdafish the Shield-Bearer (Formicid Fighter)     Turns: 3084, Time: 00:04:08

Health: -1/49      AC: -4    Str: 21    XL:     6   Next: 47%
Magic:  6/6        EV:  8    Int:  9    God:
Gold:   145        SH:  9    Dex: 10    Spells: 5/5 levels left

rFire    . . .     SeeInvis +   t - +0 war axe
rCold    . . .     Gourm    .   c - +0 shield
rNeg     . . .     Faith    .   b - +0 scale mail
rPois    .         Spirit   .   (helmet unavailable)
rElec    .         Reflect  .   (no cloak)
rCorr    .         Harm     .   (no gloves)
MR       .....                  (no boots)
Stlth    ..........             (no amulet)
HPRegen  0.16/turn              p - ring of wizardry
MPRegen  0.10/turn              (no ring)

@: corroded
A: permanent stasis, dig shafts and tunnels, four strong arms, antennae 3
a: Dig, Shaft Self


You were on level 3 of the Dungeon.
You were not hungry.

You visited 1 branch of the dungeon, and saw 3 of its levels.

You collected 145 gold pieces.

Inventory:

Hand Weapons
 a - a +0 war axe
 t - a +0 war axe (weapon)
Armour
 b - a +0 scale mail (worn)
 c - a +0 shield (worn)
Jewellery
 p - a ring of wizardry (left hand)
Scrolls
 e - a scroll of identify {unknown}
 g - a scroll of blinking {unknown}
 l - a scroll of enchant weapon {unknown}
 m - a scroll of random uselessness {unknown}
 n - a scroll of remove curse {unknown}
 o - a scroll of magic mapping {unknown}
 q - a scroll of enchant armour {unknown}
 s - a scroll of noise {unknown}
 v - a scroll of fear {unknown}
 w - a scroll of teleportation {unknown}
Potions
 h - 2 potions of heal wounds {unknown}
 i - a potion of curing {unknown}
 j - a potion of haste {unknown}
 k - a potion of cancellation {unknown}
 r - a potion of lignification {unknown}
 u - a potion of degeneration {unknown}
Comestibles
 f - 4 rations


   Skills:
 + Level 4.5 Fighting
 * Level 4.1 Axes
 + Level 4.4 Armour
 + Level 4.9 Shields


You had 5 spell levels left.
You didn't know any spells.

Dungeon Overview and Level Annotations

Branches:
Dungeon (3/15)

Altars:


Innate Abilities, Weirdness & Mutations

You cannot be hasted, slowed, berserked, paralysed or teleported.
You can dig through walls and to a lower floor.
Your four strong arms can wield two-handed weapons with a shield.
You have a pair of large antennae on your head. (SInv)


Message History

You are too injured to fight recklessly!
You are too injured to fight recklessly!
You are too injured to fight recklessly!
You are too injured to fight recklessly!
You are too injured to fight recklessly!
You are too injured to fight recklessly!
You are too injured to fight recklessly!
You are too injured to fight recklessly!
You barely miss the jelly.
The jelly is severely wounded.
The jelly hits you. The acid corrodes you!
You are splashed with acid!
The acid burns!
* * * LOW HITPOINT WARNING * * *
You hit the jelly. The acid corrodes you!
Your hands burn!
* * * LOW HITPOINT WARNING * * *
The jelly is almost dead.
The jelly hits you.
* * * LOW HITPOINT WARNING * * *
You are splashed with acid!
The acid burns!
You die...

###########
#.$........##
{+............
#...........#
#...........#
#.......?...#
######..{[.......#
........{.......J#
#####.h.{.......@#
#.o#########.#
##.# #.# #o# #.#
###.## ##'#######
#....# #...#....#
#....# #...#....#
#..{.## #.).#....#
#...{{#
#...#....###


You could see a jelly.

Vanquished Creatures
  A hound (D:3)
  An orc priest (D:2)
  3 orc wizards (D:3)
  Jessica (D:2)
  3 adders
  2 leopard geckos
  12 orcs
  A ball python (D:3)
  A bat (D:3)
  A giant cockroach (D:2)
  8 hobgoblins
  7 jackals
  2 quokkas (D:2)
  2 frilled lizards (D:3)
  6 goblins
  5 kobolds
  6 rats
62 creatures vanquished.

Notes
Turn   | Place    | Note
-------+----------+-------------------------------------------
     0 | D:1      | vishdafish the Formicid Fighter began the quest for the Orb.
     0 | D:1      | Reached XP level 1. HP: 18/18 MP: 1/1
   190 | D:1      | Reached XP level 2. HP: 21/24 MP: 2/2
   856 | D:2      | Upgraded the game from 0.21-a0-591-g2314aa1 to 0.22-a0-113-gdd6f4a9
   856 | D:2      | Upgraded the game from 0.22-a0-113-gdd6f4a9 to 0.22-a0-135-g6f012ad
   968 | D:2      | Reached XP level 3. HP: 23/30 MP: 3/3
  1223 | D:2      | Noticed Jessica
  1224 | D:2      | Killed Jessica
  1224 | D:2      | Reached XP level 4. HP: 37/37 MP: 4/4
  1543 | D:3      | Reached XP level 5. HP: 17/42 MP: 5/5
  1863 | D:3      | Reached XP level 6. HP: 22/49 MP: 6/6
  2126 | D:3      | HP: 2/49 [orc priest/divine providence (11)]
  2131 | D:2      | HP: 2/49 [adder (1)]
  3084 | D:3      | Splashed by a jelly's acid

Vault maps used:
D:1:      minmay_arrival_nine_rooms, minmay_surrounded
D:2:      minivault_25, minmay_bisected, uniq_jessica

Skill      XL: |  1  2  3  4  5  6 |
---------------+-------------------+-----
Shields        | 4 |  4.9
Axes           | 3 4 |  4.1
Fighting       | 4 |  4.5
Armour         | 4 |  4.4

Action                   |  1- 3 |  4- 6 || total
-------------------------+-------+-------++-------
Melee: War axe           |    63 |   153 ||   216
  Use: Potion            |       |     1 ||     1
  Eat: Chunk             |       |     7 ||     7
Armor: Scale mail        |    18 |    62 ||    80
Dodge: Dodged            |    13 |    44 ||    57
Block: Shield            |    37 |    80 ||   117

Table legend:
 A = Spawn XP
 B = Non-spawn XP
 C = Spawn XP percentage of total XP
 D = Spawn monster count
 E = Non-spawn monster count
 F = Spawn count percentage of total count
 G = Total turns spent on level
                    A         B        C        D         E        F      G
               +---------+---------+-------+---------+---------+-------+---------
         Total |       0 |     388 |   0.0 |       0 |      62 |   0.0 |  3084
               +---------+---------+-------+---------+---------+-------+---------
           D:1 |       0 |      14 |   0.0 |       0 |      10 |   0.0 |   801
           D:2 |       0 |     135 |   0.0 |       0 |      19 |   0.0 |  1449
           D:3 |       0 |     239 |   0.0 |       0 |      33 |   0.0 |   834
               +---------+---------+-------+---------+---------+-------+---------
